[Event "ICCopen2017"]
[Site "Internet Chess Club"]
[Date "2017.04.02"]
[Round "2"]
[White "x-plica"]
[Black "Koval"]
[Result "0-1"]
[ICCResult "White forfeits on time"]
[WhiteElo "1424"]
[BlackElo "1943"]
[Opening "Sicilian"]
[ECO "B50"]
[NIC "SI.01"]
[Time "19:15:51"]
[TimeControl "180+0"]

1. e4 c5 2. Nf3 d6 3. c4 Nc6 4. Nc3 g6 5. d3 Bg7 6. Bd2 Bg4 7. Be2 e6 8. O-O
Nge7 9. Qc1 Bxf3 10. Bxf3 Nd4 11. Bd1 O-O 12. Bh6 f5 13. Bxg7 Kxg7 14. Ne2
fxe4 15. Nxd4 cxd4 16. dxe4 Nc6 17. f4 Qh4 18. g3 Qh3 19. Bf3 e5 20. Bg2 Qg4
21. Bf3 Qe6 22. f5 gxf5 23. exf5 Rxf5 24. Bd5 Rxf1+ 25. Qxf1 Qf6 26. Qg2 Rf8
27. Bxc6 bxc6 28. Qxc6 Qf2+ 29. Kh1 d3 30. Qxd6 Qf3+ 31. Kg1 Qe3+ 32. Kh1 d2
33. Qd7+ Rf7 34. Qg4+ Kh6 35. Qe6+ Kg7 36. Qg4+ Kf8 37. Qc8+ Ke7 38. Qc7+
Ke6 39. Qc6+ Ke7 40. Qc7+ Kf8 41. Qc8+ Kg7 42. Qg4+ Kf6 43. Qh4+ Ke6 44. Qf4
exf4 45. gxf4 Qe1+ 46. Rxe1+ dxe1=Q+ 47. Kg2 Rg7+ 48. Kh3 Kf5 49. b3 Qg1
{White forfeits on time}
0-1

[Event "ICCopen2017"]
[Site "Internet Chess Club"]
[Date "2017.04.02"]
[Round "2"]
[White "ElMarginal"]
[Black "hecan58"]
[Result "0-1"]
[ICCResult "White forfeits on time"]
[WhiteElo "1415"]
[BlackElo "1739"]
[Opening "Queen's pawn game"]
[ECO "D00"]
[NIC "QP.07"]
[Time "19:15:59"]
[TimeControl "180+0"]

1. d4 Nf6 2. Nc3 d5 3. Nf3 Bf5 4. Bf4 e6 5. e3 Nbd7 6. Nb5 Rc8 7. Nxa7 Ra8
8. Nb5 Rc8 9. Bd3 Bg4 10. h3 Bh5 11. O-O Nb6 12. Be2 c6 13. Nc3 Be7 14. Ne5
Bxe2 15. Qxe2 O-O 16. g4 Nc4 17. Nxc4 dxc4 18. Qxc4 Qa5 19. a3 Rfd8 20. b4
Qb6 21. Na4 Qa7 22. Nc5 Nd5 23. Bg3 Bg5 24. e4 Nf4 25. h4 b5 26. Qb3 Ne2+
27. Kg2 Nxd4 28. Qb2 Bf6 29. c3 Nf5 30. gxf5 exf5 31. exf5 Rd5 32. Rad1 Rxf5
33. Rd7 Qa8 34. Qc2 Rh5 35. Qe2 g6 {White forfeits on time} 0-1

[Event "ICCopen2017"]
[Site "Internet Chess Club"]
[Date "2017.04.02"]
[Round "2"]
[White "lustigbridge"]
[Black "ural"]
[Result "1-0"]
[ICCResult "Black forfeits on time"]
[WhiteElo "1863"]
[BlackElo "2336"]
[Opening "Scandinavian (center counter) defense"]
[ECO "B01"]
[NIC "VO.17"]
[Time "19:15:48"]
[TimeControl "180+0"]

1. e4 d5 2. exd5 Qxd5 3. Nf3 Bg4 4. Nc3 Qe6+ 5. Qe2 Nc6 6. Qxe6 Bxe6 7. d4
O-O-O 8. Be3 Nf6 9. O-O-O h6 10. Bb5 Nb4 11. Kb1 a6 12. Be2 g5 13. h3 Bg7
14. Ne5 Nbd5 15. Bd2 Nxc3+ 16. Bxc3 Ne4 17. Be1 c5 18. f3 cxd4 19. Nxf7 Bxf7
20. fxe4 Bg6 21. Bg3 e5 22. Bd3 Rhf8 23. Rhf1 Bh5 24. Rxf8 Rxf8 25. Rf1
Rxf1+ 26. Bxf1 Kd7 27. Kc1 Kd6 28. Kd2 Bf7 29. a3 h5 30. Be2 Bh6 31. Kd3 Be8
32. c4 dxc3 33. Kxc3 Bc6 34. Bf3 g4 35. hxg4 hxg4 36. Bxg4 Bxe4 37. Bf3 Bxf3
38. gxf3 Kd5 39. Bf2 b5 40. Kd3 Bc1 41. Kc3 Bf4 42. Kb3 a5 43. a4 bxa4+ 44.
Kxa4 Bd2 45. Kb3 e4 46. fxe4+ Kxe4 47. Kc4 Ke5 48. b3 Kd6 49. Bd4 Kc6 50.
Bc5 Be1 51. Ba3 Bd2 52. Bb2 Bb4 53. Bd4 Kb7 54. Bf6 Ka6 55. Bg7 Be1 56. Bb2
Bd2 57. Ba3 Be1 58. Bc5 Bb4 59. Bd4 Bd6 60. Bb2 Bb4 61. Kd5 Be7 62. Kc4 Bb4
63. Be5 Be7 64. Bc7 Bb4 65. Bf4 Ba3 66. Bd2 Bb4 67. Bxb4 axb4 68. Kxb4 Kb6
69. Ka4 Ka6 70. b4 Kb6 71. Kb3 Ka6 72. Kc4 Kb6 73. b5 Kb7 74. Kb4 Ka7 75.
Kc5 Kb7 76. b6 Kb8 77. Kb5 {Black forfeits on time} 1-0

[Event "ICCopen2017"]
[Site "Internet Chess Club"]
[Date "2017.04.02"]
[Round "2"]
[White "DaveyJones"]
[Black "Eigeneier"]
[Result "1-0"]
[ICCResult "Black forfeits on time"]
[WhiteElo "1553"]
[BlackElo "1770"]
[Opening "King's Indian: fianchetto, Panno variation"]
[ECO "E63"]
[NIC "KI.71"]
[Time "19:15:40"]
[TimeControl "180+0"]

1. c4 Nf6 2. Nc3 g6 3. g3 Bg7 4. Bg2 O-O 5. Nf3 d6 6. d4 Nc6 7. O-O a6 8. d5
Na5 9. Qd3 c5 10. a3 Nb3 11. Rb1 Nxc1 12. Rfxc1 Rb8 13. b4 cxb4 14. axb4 b5
15. cxb5 axb5 16. Nd4 Bd7 17. Ncxb5 e5 18. Nc6 Bxc6 19. dxc6 Qb6 20. Nxd6
Rbd8 21. Qb5 Qc7 22. Ne4 Nxe4 23. Bxe4 Rd2 24. Qb7 Rc8 25. Qxc7 Rxc7 26. b5
Rxe2 27. b6 Rc8 28. c7 Rf8 29. b7 Rxe4 30. c8=Q Rd4 31. Qxf8+ Bxf8 32. b8=Q
f6 33. Rc8 Kf7 34. Rxf8+ Ke6 35. Rb6+ Kf5 36. Qc8+ Kg5 37. h4+ Kh5 38. Rh8
h6 39. Qh3 Rd1+ 40. Kg2 f5 41. g4+ fxg4 42. Rxh6+ Kxh6 43. Qxg4 Kg7 44.
Qxg6+ Kf8 45. Qf6+ Ke8 46. Rb7 {Black forfeits on time} 1-0

[Event "ICCopen2017"]
[Site "Internet Chess Club"]
[Date "2017.04.02"]
[Round "2"]
[White "Molton"]
[Black "playwaycool"]
[Result "1-0"]
[ICCResult "Black resigns"]
[WhiteElo "3060"]
[BlackElo "2182"]
[Opening "Caro-Kann: advance variation"]
[ECO "B12"]
[NIC "CK.04"]
[Time "19:16:25"]
[TimeControl "180+0"]

1. e4 c6 2. d4 d5 3. e5 Bf5 4. Nf3 e6 5. Be2 Nd7 6. O-O Ne7 7. Nbd2 h6 8. c3
Bh7 9. b4 Ng6 10. Nb3 Be7 11. a4 O-O 12. Bd3 Re8 13. Qc2 Ngf8 14. Ne1 Bxd3
15. Nxd3 f6 16. f4 f5 17. Kh1 b6 18. Be3 Rc8 19. Qf2 Kh7 20. a5 Kh8 21. Rg1
Nh7 22. Qe2 Rg8 23. g4 g6 24. Qg2 Qe8 25. Qh3 Bf8 26. gxf5 exf5 27. Rg2 Qe6
28. Rag1 bxa5 29. Nxa5 Nb6 30. Nc5 Qf7 31. Nab3 Nc4 32. Bc1 a5 33. Nxa5 Nxa5
34. bxa5 Bxc5 35. dxc5 h5 36. Be3 Ra8 37. Bd4 Qe6 38. Ra1 Rgb8 39. Qg3 Rg8
40. a6 Rg7 41. h3 Kg8 42. Kh2 Kf7 43. Rb2 Kg8 44. Rb7 Ra7 45. Rb8+ Nf8 46.
Qg5 Rgf7 47. Qd8 Kg7 48. Qd6 Rad7 49. Qxe6 Nxe6 50. Rb6 Nxf4 51. e6+
{Black resigns}
1-0

[Event "ICCopen2017"]
[Site "Internet Chess Club"]
[Date "2017.04.02"]
[Round "2"]
[White "egyptiantiger"]
[Black "KnightWalker"]
[Result "0-1"]
[ICCResult "White forfeits on time"]
[WhiteElo "1672"]
[BlackElo "1333"]
[Opening "QGD: 4.Bg5 Be7, 5.e3 O-O"]
[ECO "D53"]
[NIC "QO.13"]
[Time "19:15:24"]
[TimeControl "180+0"]

1. d4 d5 2. c4 e6 3. Nc3 Nf6 4. Bg5 Be7 5. e3 O-O 6. cxd5 exd5 7. Bd3 Nbd7
8. Nge2 a6 9. O-O b5 10. a3 Bb7 11. Qc2 h6 12. Bh4 Nh5 13. Bxe7 Qxe7 14.
Rae1 Nhf6 15. Ng3 Nb6 16. Nf5 Qd7 17. Qe2 Nc4 18. b3 Nd6 19. Nxd6 Qxd6 20.
b4 Rfe8 21. Rc1 Rac8 22. Qc2 Ne4 23. f3 Nxc3 24. Qxc3 Kh8 25. Rce1 Re7 26.
e4 dxe4 27. fxe4 Rd8 28. d5 c6 29. Bb1 cxd5 30. e5 Qc7 31. Qd3 g6 32. Qh3
Kg7 33. Qg3 Qb6+ 34. Kh1 Qd4 35. Rxf7+ Rxf7 {White forfeits on time} 0-1

[Event "ICCopen2017"]
[Site "Internet Chess Club"]
[Date "2017.04.02"]
[Round "2"]
[White "Kazan"]
[Black "chigato"]
[Result "0-1"]
[ICCResult "White forfeits on time"]
[WhiteElo "1232"]
[BlackElo "1630"]
[Opening "Caro-Kann: advance variation"]
[ECO "B12"]
[NIC "CK.02"]
[Time "19:17:03"]
[TimeControl "180+0"]

1. e4 c6 2. d4 d5 3. e5 Be6 4. f4 Qd7 5. h3 f6 6. Nf3 Bf7 7. Bd3 e6 8. O-O
c5 9. c3 Nc6 10. Nbd2 b6 11. Bc2 c4 12. b3 cxb3 13. axb3 Nge7 14. Ba3 Ng6
15. Bxf8 Nxf8 16. Bd3 Bg6 17. Bb5 Bf7 18. c4 Ng6 19. Ne1 O-O 20. Nb1 fxe5
21. fxe5 Qc7 22. Nc3 a5 23. Na4 Nb4 24. c5 bxc5 25. Nxc5 Nc6 26. Rc1 Rac8
27. Na6 Qb7 28. Qd3 Na7 29. Rxc8 Rxc8 30. Ba4 Ne7 31. Nc5 Nf5
{White forfeits on time}
0-1

[Event "ICCopen2017"]
[Site "Internet Chess Club"]
[Date "2017.04.02"]
[Round "2"]
[White "BenkoChess"]
[Black "Quinten1994"]
[Result "1-0"]
[ICCResult "Black forfeits on time"]
[WhiteElo "1832"]
[BlackElo "2272"]
[Opening "King's Indian: orthodox, Aronin-Taimanov, 9.Ne1"]
[ECO "E98"]
[NIC "KI.01"]
[Time "19:15:26"]
[TimeControl "180+0"]

1. Nf3 Nf6 2. c4 g6 3. Nc3 Bg7 4. e4 d6 5. d4 O-O 6. Be2 e5 7. O-O Nc6 8. d5
Ne7 9. Ne1 Nd7 10. Nd3 f5 11. Bd2 fxe4 12. Nxe4 Nf6 13. f3 Nf5 14. Ndf2 c6
15. Bg5 Nd4 16. Nxf6+ Bxf6 17. Bxf6 Qxf6 18. dxc6 bxc6 19. Bd3 Bf5 20. Rc1
Rab8 21. b3 Qg5 22. Kh1 Kg7 23. Be4 Rf6 24. Qe1 Rbf8 25. Rd1 h5 26. Qd2 Qxd2
27. Rxd2 c5 28. Re1 Rb8 29. h4 a5 30. Nd3 Bxe4 31. Rxe4 a4 32. bxa4 Ra8 33.
Rb2 Rxa4 34. Rb7+ Rf7 35. Rb6 Nf5 36. Kh2 Rxa2 37. Nb2 Rfa7 38. Nd1 Rd2 39.
Nc3 Rd4 40. Nb5 Ra2 41. Nxd4 cxd4 42. c5 dxc5 43. Rb7+ Kf6 44. Rb6+ Kf7 45.
Rxe5 Rc2 46. Rd5 Ne3 47. Rd7+ Ke8 48. Ra7 Rxg2+ 49. Kh3 Rg3+ 50. Kxg3
{Black forfeits on time}
1-0

[Event "ICCopen2017"]
[Site "Internet Chess Club"]
[Date "2017.04.02"]
[Round "2"]
[White "newtonpp"]
[Black "kamalchandran"]
[Result "0-1"]
[ICCResult "White forfeits on time"]
[WhiteElo "1504"]
[BlackElo "1781"]
[Opening "Giuoco Piano"]
[ECO "C54"]
[NIC "IG.02"]
[Time "19:16:40"]
[TimeControl "180+0"]

1. e4 e5 2. Nf3 Nc6 3. Bc4 Bc5 4. c3 Nf6 5. d3 d6 6. Bg5 h6 7. Bh4 g5 8. Bg3
Bg4 9. Nbd2 Qe7 10. Qb3 Na5 11. Qa4+ Nc6 12. b4 Bb6 13. Bd5 O-O 14. Bxc6
bxc6 15. Qxc6 Bd7 16. Qb7 a5 17. bxa5 Rfb8 18. Qxb8+ Rxb8 19. axb6 Rxb6 20.
O-O c5 21. Nc4 Ra6 22. Rfb1 Be6 23. Ne3 c4 24. d4 Nxe4 25. dxe5 Nxc3 26.
Rb8+ Kh7 27. exd6 Qd7 28. Ne5 Ne2+ 29. Kf1 Nxg3+ 30. hxg3 Qxd6 31. Rb5 c3
32. Rc1 Rxa2 {White forfeits on time} 0-1

[Event "ICCopen2017"]
[Site "Internet Chess Club"]
[Date "2017.04.02"]
[Round "2"]
[White "XR"]
[Black "JUGGERNOT"]
[Result "1-0"]
[ICCResult "Black checkmated"]
[WhiteElo "1396"]
[BlackElo "1691"]
[Opening "Tennison (Lemberg, Zukertort) gambit"]
[ECO "B01"]
[NIC "VO.17"]
[Time "19:16:29"]
[TimeControl "180+0"]

1. e4 d5 2. Nf3 d4 3. d3 c5 4. c3 Bg4 5. cxd4 cxd4 6. Qa4+ Nc6 7. Be2 Bxf3
8. Bxf3 e5 9. Nd2 Bd6 10. O-O Ne7 11. Nc4 Bc7 12. Bg5 f6 13. Bh4 O-O 14. Bg4
Ng6 15. Bg3 Re8 16. Qb3 Kh8 17. Qxb7 Na5 18. Nxa5 Bxa5 19. Qb3 Rb8 20. Qc2
Qb6 21. b3 Bc3 22. Rab1 a5 23. Bd7 Re7 24. Ba4 Rc7 25. Qe2 Nf4 26. Bxf4 exf4
27. Qf3 g5 28. Qg4 Rg7 29. Bd7 Qa6 30. Qh3 Rb7 31. Bf5 Rbc7 32. Rfd1 Rg8 33.
Qh5 Qd6 34. a4 Qe7 35. Rdc1 Qg7 36. Rc2 Qe7 37. Qg4 Re8 38. Rbc1 Qf7 39. Qh3
h5 40. Qf3 Kg7 41. h3 Kh6 42. Kh2 Rc5 43. Qe2 Rg8 44. Qf1 g4 45. hxg4 hxg4
46. g3 f3 47. Qh1 Kg5 48. Kg1 Rcc8 49. Qh4# {Black checkmated} 1-0

[Event "ICCopen2017"]
[Site "Internet Chess Club"]
[Date "2017.04.02"]
[Round "2"]
[White "MeneerMandje"]
[Black "sacov"]
[Result "1-0"]
[ICCResult "Black checkmated"]
[WhiteElo "1948"]
[BlackElo "2224"]
[Opening "Scandinavian defense"]
[ECO "B01"]
[NIC "SD.03"]
[Time "19:16:46"]
[TimeControl "180+0"]

1. e4 d5 2. exd5 Nf6 3. Nf3 Nxd5 4. Be2 g6 5. O-O Bg7 6. Re1 O-O 7. d4 Nc6
8. c4 Nb6 9. d5 Ne5 10. Nxe5 Bxe5 11. Nc3 e6 12. Bf3 Bg7 13. Qb3 Qh4 14. c5
Nxd5 15. Nxd5 exd5 16. Bxd5 c6 17. Bc4 Bd4 18. Be3 Bg7 19. Rad1 a5 20. a4
Bg4 21. f3 Bf5 22. Bf2 Qf6 23. Bd4 Qxd4+ 24. Rxd4 Bxd4+ 25. Kh1 Bxc5 26.
Qxb7 Bb4 27. Rd1 Bc2 28. Rd7 Rae8 29. h4 Re1+ 30. Kh2 Re5 31. Rxf7 Rc5 32.
Rg7+ Kh8 33. Rxh7# {Black checkmated} 1-0

[Event "ICCopen2017"]
[Site "Internet Chess Club"]
[Date "2017.04.02"]
[Round "2"]
[White "TaijiChess22"]
[Black "MyLien"]
[Result "0-1"]
[ICCResult "White forfeits on time"]
[WhiteElo "1773"]
[BlackElo "1537"]
[Opening "Sicilian"]
[ECO "B50"]
[NIC "SI.01"]
[Time "19:15:42"]
[TimeControl "180+0"]

1. e4 c5 2. Nf3 d6 3. Nc3 Nd7 4. d3 e6 5. g3 Qc7 6. Bg2 a6 7. O-O Rb8 8. Nd2
b5 9. f4 b4 10. Ne2 Bb7 11. f5 exf5 12. Rxf5 Ngf6 13. Rf1 Be7 14. Nf4 O-O
15. Nf3 Ne5 16. Nxe5 dxe5 17. Nh3 Rbd8 18. Bg5 h6 19. Be3 Bc8 20. Qe2 Ng4
21. Bd2 Be6 22. Nf2 Nxf2 23. Qxf2 c4 24. Rad1 cxd3 25. cxd3 Rxd3 26. Be3
Rfd8 27. Rc1 Qa5 28. b3 Qb5 29. g4 Bg5 30. Bxg5 hxg5 31. h4 Bxg4 32. hxg5
Rd2 33. Qxf7+ Kh8 34. Rc7 R2d7 35. Rxd7 Rxd7 36. Qe8+ Kh7 37. Rf8 Rd1+ 38.
Kh2 Qxe8 39. Rxe8 Rd2 40. Kg3 Rxa2 41. Kxg4 Rxg2+ 42. Kf5 g6+ 43. Kf6 Rf2+
44. Kxe5 Rf3 45. Ke6 Rxb3 46. Re7+ Kg8 47. Kf6 Rf3+ 48. Kxg6 b3 49. Re8+ Rf8
50. Re7 Rb8 51. Rg7+ Kf8 52. Rf7+ Ke8 53. Rh7 Rb6+ 54. Kh5 b2
{White forfeits on time}
0-1

[Event "ICCopen2017"]
[Site "Internet Chess Club"]
[Date "2017.04.02"]
[Round "2"]
[White "BoldPlan"]
[Black "Alinochka199217"]
[Result "0-1"]
[ICCResult "White forfeits on time"]
[WhiteElo "1911"]
[BlackElo "2556"]
[Opening "Sicilian: Grand Prix attack"]
[ECO "B21"]
[NIC "SI.48"]
[Time "19:15:33"]
[TimeControl "180+0"]

1. e4 c5 2. f4 d5 3. e5 Nc6 4. Nf3 Bg4 5. c3 e6 6. d3 h5 7. h3 Bxf3 8. Qxf3
h4 9. Be2 Nh6 10. O-O Nf5 11. Re1 Be7 12. Na3 g5 13. Nc2 Rg8 14. Bf1 gxf4
15. Bxf4 Bg5 16. Rad1 Bxf4 17. Qxf4 Qg5 18. Qxg5 Rxg5 19. d4 cxd4 20. cxd4
Ke7 21. Bb5 Rag8 22. Rd2 Ng3 23. Bd3 Nh5 24. Rf2 Ng3 25. Re3 a6 26. a4 R8g7
27. b4 Kf8 28. Ref3 Ne7 29. b5 axb5 30. axb5 Nef5 31. Bxf5 Nxf5 32. Rf4 Rg3
33. R4f3 Ke7 34. Rxg3 Rxg3 35. Rf3 Rxf3 36. gxf3 Kd7 37. Kf2 Kc7 38. Ke2 Kb6
39. Kd3 Kxb5 40. Ne1 Ka4 41. Ng2 b5 42. Nf4 b4 43. Ne2 Ka3 44. Kc2 Ka2 45.
Nc1+ Ka3 46. Nb3 Ne3+ 47. Kd3 Kxb3 48. Kxe3 Ka2 49. Kf4 b3 50. Kg4 b2 51.
Kxh4 b1=Q 52. Kg5 Qb2 53. Kf6 Qxd4 54. Kxf7 Qf4+ 55. Kxe6 Qxf3 56. Kd6 d4
57. e6 d3 58. e7 d2 59. e8=Q d1=Q+ 60. Kc7 Qc3+ 61. Qc6 Qxc6+ 62. Kxc6 Qh5
63. Kd6 Qxh3 64. Ke7 Kb3 65. Kf8 Kb4 {White forfeits on time} 0-1

[Event "ICCopen2017"]
[Site "Internet Chess Club"]
[Date "2017.04.02"]
[Round "2"]
[White "TudoracheM"]
[Black "kaalzar"]
[Result "0-1"]
[ICCResult "White checkmated"]
[WhiteElo "1699"]
[BlackElo "1357"]
[Opening "Ruy Lopez: classical (Cordel) defense"]
[ECO "C64"]
[NIC "RL.01"]
[Time "19:16:04"]
[TimeControl "180+0"]

1. e4 e5 2. Nf3 Nc6 3. Bb5 Bc5 4. O-O d6 5. c3 a6 6. Ba4 b5 7. Bc2 Bg4 8. d3
Nge7 9. h3 Bxf3 10. Qxf3 O-O 11. Be3 Bb6 12. Bxb6 cxb6 13. Bb3 Rc8 14. Nd2
a5 15. a4 b4 16. Nc4 Kh8 17. g4 Ng6 18. Rad1 Nf4 19. Kh2 Rb8 20. Ne3 Ne7 21.
d4 Qc7 22. Nf5 Nxf5 23. exf5 f6 24. dxe5 dxe5 25. cxb4 axb4 26. Rd2 Rfd8 27.
Rfd1 Rxd2 28. Rxd2 Qc1 29. Qe3 Qf1 30. f3 Qxh3+ 31. Kg1 Qg3+ 32. Kf1 Qh3+
33. Ke1 Ng2+ 34. Ke2 Nxe3 35. Kxe3 Qg3 36. Rf2 Qf4+ 37. Ke2 Rd8 38. Kf1 Qc1+
39. Kg2 Rd2 40. Bd5 Rxf2+ 41. Kxf2 Qxb2+ 42. Kg3 Qc3 43. Be4 b3 44. Kh4 b2
45. Kh5 Qd2 46. g5 Qxg5# {White checkmated} 0-1

[Event "ICCopen2017"]
[Site "Internet Chess Club"]
[Date "2017.04.02"]
[Round "2"]
[White "Strider25"]
[Black "BrentMusburger"]
[Result "0-1"]
[ICCResult "White forfeits on time"]
[WhiteElo "1827"]
[BlackElo "2353"]
[Opening "Bird's opening"]
[ECO "A02"]
[NIC "VO.07"]
[Time "19:16:28"]
[TimeControl "180+0"]

1. f4 c6 2. Nf3 d5 3. e3 Nf6 4. b3 g6 5. Bb2 Bg7 6. Ne5 O-O 7. Be2 Nbd7 8.
O-O Nxe5 9. fxe5 Nd7 10. d4 e6 11. Ba3 c5 12. c3 Qc7 13. Nd2 b6 14. Rc1 Bb7
15. Bd3 f6 16. exf6 Nxf6 17. Nf3 Ng4 18. Qd2 Bh6 19. Rce1 e5 20. h3 Nxe3 21.
dxe5 d4 22. cxd4 cxd4 23. Bxf8 Rxf8 24. Rf2 Bxf3 25. Rxf3 Rxf3 26. gxf3 Qxe5
27. Kh1 Qg3 28. Rxe3 Bxe3 29. Qg2 Qe1+ 30. Qf1 Qxf1+ 31. Bxf1 Kg7 32. Kg2
Kf6 33. Bd3 Ke5 34. Kg3 Bf4+ 35. Kg4 h5+ 36. Kh4 Kf6 37. a4 Kg7 38. b4 Kh6
39. Bxg6 Kxg6 40. b5 Bg5+ 41. Kg3 d3 42. Kf2 d2 43. Ke2 Kf5 44. h4 Bh6 45.
a5 Ke5 {White forfeits on time} 0-1

[Event "ICCopen2017"]
[Site "Internet Chess Club"]
[Date "2017.04.02"]
[Round "2"]
[White "leonardoalmeida"]
[Black "cheslikeyomama"]
[Result "1-0"]
[ICCResult "Black forfeits on time"]
[WhiteElo "1757"]
[BlackElo "1427"]
[Opening "English opening"]
[ECO "A10"]
[NIC "EO.64"]
[Time "19:15:53"]
[TimeControl "180+0"]

1. c4 g6 2. Nc3 Bg7 3. Qc2 d6 4. e3 Nh6 5. h3 f5 6. Nf3 O-O 7. d4 Nc6 8. a3
e5 9. d5 Ne7 10. Be2 e4 11. Nd4 a6 12. Bd2 Rb8 13. a4 Bd7 14. b3 Nf7 15. O-O
Ne5 16. Rab1 Qe8 17. a5 g5 18. f4 exf3 19. Nxf3 g4 20. Nxe5 dxe5 21. hxg4
fxg4 22. Rxf8+ Qxf8 23. Rf1 Qe8 24. e4 Qg6 25. Qd3 h5 26. Qe3 Rf8 27. Rxf8+
Bxf8 28. Qg5 Qxg5 29. Bxg5 Ng6 30. Na2 g3 31. Bxh5 Nf4 32. Bxf4 exf4 33. Bf3
Bg7 34. Kf1 b5 35. axb6 c6 36. b7 Be5 37. Nb4 cxd5 38. Nxa6 dxc4 39. b8=Q+
Bxb8 40. Nxb8 cxb3 41. Bd1 Be6 42. Nc6 Kf8 43. Ke1 Kg7 44. Kd2 Kf6 45. Kc3
Bf7 46. Bf3 Kg5 47. Ne5 Be6 48. Nd3 Kf6 49. Nxf4 {Black forfeits on time}
1-0

[Event "ICCopen2017"]
[Site "Internet Chess Club"]
[Date "2017.04.02"]
[Round "2"]
[White "msenger"]
[Black "Magagna"]
[Result "0-1"]
[ICCResult "White forfeits on time"]
[WhiteElo "1459"]
[BlackElo "1751"]
[Opening "Ruy Lopez: Steinitz defense deferred (Russian defense)"]
[ECO "C79"]
[NIC "RL.10"]
[Time "19:15:28"]
[TimeControl "180+0"]

1. e4 e5 2. Nf3 Nc6 3. Bb5 a6 4. Ba4 d6 5. O-O Nf6 6. Re1 Bd7 7. c3 Be7 8.
d4 exd4 9. cxd4 O-O 10. Nc3 Re8 11. Bg5 h6 12. Bh4 Nxe4 13. Bxe7 Nxc3 14.
Bxd8 Nxd1 15. Rxe8+ Bxe8 16. Bxc7 Nxb2 17. Bb3 Nd3 18. Bxd6 Rd8 19. Bc7 Rc8
20. Bb6 Bd7 21. h3 Nf4 22. Re1 Be6 23. Bxe6 fxe6 24. Re4 Nd5 25. Bc5 Kf7 26.
Re2 b6 27. Bd6 Nc3 28. Rc2 Ne4 29. Bh2 Ne7 30. Ne5+ Ke8 31. Rxc8+ Nxc8 32.
Nc6 Kd7 33. Ne5+ Ke8 34. Nf3 Nc3 35. a3 b5 36. Be5 a5 37. Bxg7 h5 38. Ne5
Nd5 39. Nc6 b4 40. axb4 axb4 41. Kf1 b3 42. Na5 b2 43. Kg1 b1=Q+ 44. Kh2 Qb4
45. Nc6 Qd6+ 46. Ne5 Qc6 47. Bh8 Nce7 {White forfeits on time} 0-1

[Event "ICCopen2017"]
[Site "Internet Chess Club"]
[Date "2017.04.02"]
[Round "2"]
[White "JustinL"]
[Black "notetengomiedo"]
[Result "0-1"]
[ICCResult "White checkmated"]
[WhiteElo "2264"]
[BlackElo "1871"]
[Opening "Queen's pawn: English defense"]
[ECO "A40"]
[NIC "QO.17"]
[Time "19:16:58"]
[TimeControl "180+0"]

1. d4 b6 2. Nf3 Bb7 3. g3 Bxf3 4. exf3 e6 5. Bg2 Ne7 6. O-O g6 7. c4 Bg7 8.
d5 e5 9. Nc3 O-O 10. Bg5 h6 11. Be3 d6 12. Qd2 Nf5 13. Rfe1 Nd7 14. Bh3 Nxe3
15. fxe3 f5 16. e4 a5 17. Qc2 Qg5 18. Bg2 Nc5 19. Nb5 Rf7 20. a3 a4 21. Qc1
f4 22. gxf4 exf4 23. Qc2 Qe5 24. Re2 Nb3 25. Rd1 Raf8 26. Kh1 g5 27. Bh3 Nc5
28. Nc3 h5 29. Rg2 g4 30. fxg4 f3 31. Rf2 Rf4 32. gxh5 Qxh5 33. Be6+ Kh8 34.
Bf5 Be5 35. Nxa4 Nxa4 36. Qxa4 Rh4 37. Qc2 Bg3 38. Qc3+ Kg8 39. Be6+ Kh7 40.
Bf5+ Rxf5 41. exf5 Rxh2+ 42. Kg1 Bxf2+ 43. Kf1 Qh3# {White checkmated} 0-1

[Event "ICCopen2017"]
[Site "Internet Chess Club"]
[Date "2017.04.02"]
[Round "2"]
[White "TorelliMirco"]
[Black "sanka"]
[Result "1-0"]
[ICCResult "Black checkmated"]
[WhiteElo "1737"]
[BlackElo "1333"]
[Opening "King's Indian: 5.Nf3"]
[ECO "E90"]
[NIC "KI.22"]
[Time "19:17:31"]
[TimeControl "180+0"]

1. d4 Nf6 2. c4 d6 3. Nc3 g6 4. e4 Bg7 5. Nf3 c5 6. Be2 cxd4 7. Nxd4 O-O 8.
O-O Nbd7 9. Be3 e5 10. Ndb5 Ne8 11. Nxd6 Nxd6 12. Qxd6 Re8 13. Rad1 Bf8 14.
Qd2 Qa5 15. Bh6 Nf6 16. Bxf8 Rxf8 17. Qg5 Kg7 18. f4 Qb6+ 19. Kh1 Qxb2 20.
fxe5 Qxc3 21. exf6+ Kh8 22. Qh6 Rg8 23. Rd8 Be6 24. Qg7# {Black checkmated}
1-0

[Event "ICCopen2017"]
[Site "Internet Chess Club"]
[Date "2017.04.02"]
[Round "2"]
[White "J575"]
[Black "Alright2015"]
[Result "0-1"]
[ICCResult "White forfeits on time"]
[WhiteElo "1676"]
[BlackElo "2271"]
[Opening "Budapest: Rubinstein variation"]
[ECO "A52"]
[NIC "QG.01"]
[Time "19:16:00"]
[TimeControl "180+0"]

1. d4 Nf6 2. c4 e5 3. dxe5 Ng4 4. Bf4 g5 5. Bd2 Nxe5 6. e3 Nbc6 7. Nf3 d6 8.
Bc3 Be6 9. Nbd2 Bg7 10. Qa4 Nxf3+ 11. Nxf3 Bxc3+ 12. bxc3 Qf6 13. Rc1 O-O
14. Be2 Bd7 15. Qb5 h6 16. Qxb7 Rfc8 17. Qa6 Rab8 18. Qa3 Ne7 19. O-O Bc6
20. Nd4 Ba8 21. Rb1 c5 22. Rxb8 Rxb8 23. Qxa7 Re8 24. Nf3 Nc6 25. Qa3 g4 26.
Nd2 Ne5 27. Qa4 Bc6 28. Qa6 h5 29. a4 Qg6 30. f4 gxf3 31. Nxf3 Qe4 32. Kh1
Qxe3 33. Nxe5 Bxg2+ 34. Kxg2 Qxe2+ 35. Rf2 Qxe5 36. Qb7 Qg7+ 37. Kf1 Re3 38.
Rg2 Rf3+ 39. Kg1 Rxc3 40. Rxg7+ Kxg7 41. Qc8 Rxc4 42. a5 Rc1+ 43. Kf2 Ra1
44. Kf3 Rxa5 45. Qd8 Ra4 46. Qg5+ Kf8 47. Qd8+ Kg7 48. Qg5+ Kh7 49. Qf5+ Kh6
50. Qf6+ Kh7 51. Qxf7+ Kh6 52. Qf6+ Kh7 53. Qf7+ Kh8 54. Qf8+ Kh7 55. Qf7+
Kh8 56. Qf8+ Kh7 57. Qf7+ Kh6 58. Qf8+ Kh7 {White forfeits on time} 0-1

[Event "ICCopen2017"]
[Site "Internet Chess Club"]
[Date "2017.04.02"]
[Round "2"]
[White "Ataraxia"]
[Black "HuevosDeLeon"]
[Result "0-1"]
[ICCResult "White forfeits on time"]
[WhiteElo "1900"]
[BlackElo "2525"]
[Opening "Queen's pawn game"]
[ECO "E10"]
[NIC "QI.01"]
[Time "19:16:11"]
[TimeControl "180+0"]

1. d4 Nf6 2. c4 e6 3. Nf3 d5 4. e3 Bb4+ 5. Bd2 Be7 6. Bd3 O-O 7. O-O dxc4 8.
Bxc4 b6 9. Nc3 Bb7 10. Re1 c5 11. dxc5 Bxc5 12. Qe2 Nbd7 13. Red1 Rc8 14.
Rac1 a6 15. Bxa6 Qc7 16. Bxb7 Qxb7 17. Nb5 Rfd8 18. b4 Bf8 19. Rxc8 Rxc8 20.
a3 Qa6 21. Nbd4 Qxa3 22. Qb5 Qa2 23. h3 h6 24. Ne5 Nxe5 25. Qxe5 Qa4 26. Rb1
Qa2 27. Rd1 Nd5 28. Nxe6 Re8 29. e4 Nf6 30. Bxh6 Rxe6 31. Qg3 Nxe4 32. Qd3
Nxf2 33. Qd5 Qxd5 34. Rxd5 Nxh3+ 35. gxh3 Rxh6 36. b5 Rxh3 37. Rd8 Rb3 38.
Rd5 Bc5+ 39. Kg2 Rxb5 40. Rd8+ Kh7 41. Rd5 g6 42. Kh3 Kg7 43. Kg2 Rb3 44.
Kh1 Rc3 45. Rd7 b5 46. Rd1 b4 47. Rb1 b3 48. Kg2 Ba3 49. Kf2 b2 50. Ke2 Rc1
51. Rxb2 Bxb2 52. Kf3 Rc4 53. Kg3 Bf6 54. Kh3 g5 55. Kg3 Kg6 56. Kg2 Kf5 57.
Kh3 Kf4 58. Kh2 g4 59. Kg2 Rc2+ 60. Kf1 Bc3 61. Kg1 Kf3 62. Kh1 g3
{White forfeits on time}
0-1